 Dungeon Crawl Stone Soup version 0.26-a0-812-g31a745ddcd (webtiles) character file.

Game seed: 7598886917816808983

270 ultratwo the Cudgeller (level 6, -5/61 HPs)
             Began as a Troll Fighter on Nov 17, 2020.
             Slain by an ogre
             ... wielding a +0 giant club
              (22 damage)
             ... on level 4 of the Dungeon.
             The game lasted 00:22:04 (1955 turns).

ultratwo the Cudgeller (Troll Fighter)              Turns: 1955, Time: 00:22:05

Health: -5/61      AC:  6    Str: 27    XL:     6   Next: 1%
Magic:  5/5        EV:  9    Int:  4    God:
Gold:   142        SH:  9    Dex:  9    Spells: 5/5 levels left

rFire    . . .     SeeInvis .   a - +0 flail
rCold    . . .     Faith    .   c - +0 kite shield
rNeg     . . .     Spirit   .   b - +0 robe
rPois    .         Reflect  .   (helmet restricted)
rElec    .         Harm     .   (no cloak)
rCorr    .         Rampage  .   (gloves unavailable)
MR       .....                  (boots unavailable)
Stlth    +.........             (no amulet)
HPRegen  0.60/turn              (no ring)
MPRegen  0.09/turn              (no ring)

@: no status effects
A: large, unfitting armour, claws 3, regeneration 1, shaggy fur 1, tough skin 3
a: no special abilities


You were on level 4 of the Dungeon.
You visited 1 branch of the dungeon, and saw 4 of its levels.

You collected 142 gold pieces.

Inventory:

Hand Weapons
 a - a +0 flail (weapon)
 e - a +0 dagger
 g - a +0 club
 i - a +0 hunting sling
 s - a +0 halberd
 t - a +0 whip
 u - a +0 spear
 z - a +0 giant spiked club
 A - a +0 short sword
 C - a +0 falchion
Missiles
 n - 94 stones (quivered)
 x - 8 atropa-tipped darts
Armour
 b - a +0 robe (worn)
 c - a +0 kite shield (worn)
 f - a +0 scale mail
 h - a +0 robe
 l - a +0 pair of boots
 B - a +1 helmet of intelligence
Scrolls
 j - a scroll of blinking
 m - 3 scrolls of amnesia
 o - a scroll of random uselessness
 p - a scroll of immolation {unknown}
 q - 2 scrolls of enchant weapon {unknown}
 r - a scroll of enchant armour {unknown}
 v - a scroll of remove curse {unknown}
 y - a scroll of teleportation {unknown}
Potions
 d - 2 potions of might
 k - a potion of curing
 w - a potion of attraction {unknown}


   Skills:
 + Level 3.0 Fighting
 + Level 3.7 Maces & Flails
 + Level 3.3 Dodging
 + Level 0.4 Stealth
 + Level 3.4 Shields


You had 5 spell levels left.
You didn't know any spells.
Your spell library was empty.

Dungeon Overview and Level Annotations

Branches:
Dungeon (4/15)
 Temple: D:4-7

Altars:


Innate Abilities, Weirdness & Mutations

You are too large for most types of armour.
You have claws for hands.
Your natural rate of healing is unusually fast.
You are covered in fur. (AC +1)
You have extremely tough skin. (AC +3)


Message History

You closely miss the ogre. The orc priest closely misses you.
The ogre hits you with a +0 giant club!
You barely miss the ogre. You block the orc priest's attack.
The ogre barely misses you.
You hit the ogre but do no damage. The orc priest hits you with a +0 club!
You block the ogre's attack.
The orc priest calls down the wrath of Beogh upon you.
Beogh smites you!
You thump the ogre!
The ogre is moderately wounded.
The orc priest hits you but does no damage.
The ogre barely misses you.
The orc priest mumbles some strange prayers to Beogh against you.
Beogh smites you!
* * * LOW HITPOINT WARNING * * *
Press: ? - help, v - describe, . - travel The floor.
Found a metal-bound book and 8 gold pieces.
The ogre hits you with a +0 giant club!!
You die...

#.........#....#
...............## .
#..............# ..
#...........###
...###.............#
......8............#.
:........#o..........
......8.###O.........
............@....##.
$.##8.8.........##
......##..†<)...#
#....#8#.........#
###..####........# #.
##......## ##
..#...## ##...###
#..##


You could see an ogre and an orc priest.

Vanquished Creatures
  An ogre (D:2)
  An orc priest (D:3)
  An adder (D:3)
  4 gnolls (D:2)
  An ooze (D:3)
  6 worms
  A dart slug (D:1)
  2 leopard geckos
  6 orcs
  A ball python (D:3)
  16 giant cockroaches
  6 goblins
  7 hobgoblins
  6 jackals
  3 kobolds
  3 quokkas (D:3)
  6 bats
  4 frilled lizards
  5 rats
80 creatures vanquished.

Notes
Turn   | Place    | Note
-------+----------+-------------------------------------------
     0 | D:1      | ultratwo the Troll Fighter began the quest for the Orb.
     0 | D:1      | Reached XP level 1. HP: 22/22 MP: 0/0
   172 | D:1      | Reached XP level 2. HP: 29/29 MP: 1/1
   508 | D:2      | Reached XP level 3. HP: 36/36 MP: 2/2
   840 | D:2      | HP: 1/36 [gnoll/+0 whip (1)]
   874 | D:2      | Reached XP level 4. HP: 18/44 MP: 3/3
  1453 | D:3      | Noticed an ogre
  1542 | D:2      | Killed an ogre
  1542 | D:2      | Reached XP level 5. HP: 30/53 MP: 4/4
  1878 | D:4      | Noticed an ogre
  1888 | D:3      | Reached XP level 6. HP: 36/61 MP: 5/5
  1955 | D:4      | Slain by an ogre

Illustrated notes

Levels and vault maps discovered:
D:1:      scummos_arrival_forest, layout_loops_cross, minivault_24
D:2:      minmay_roachtagon, layout_loops_ring, minmay_hedge_maze
D:3:      layout_rooms
D:4:      lemuel_upstairs_altar, layout_cave_pools, led_sif_pool,
          nicolae_overflow_crystal_walls, serial_column_ruins,
          column_ruins_pillar_1, column_ruins_pillar_1, column_ruins_pillar_4,
          column_ruins_pillar_4, column_ruins_pillar_10

Skill      XL: |  1  2  3  4 |
---------------+-------------+-----
Maces & Flails | 2 3 |  3.7
Dodging        | 3 |  3.3
Fighting       | 3 |  3.0
Shields        | 3 |  3.4
Stealth        | |  0.4

Action                   |  1- 3 |  4- 6 || total
-------------------------+-------+-------++-------
Melee: Flail             |   108 |   161 ||   269
  Use: Scroll            |     4 |     2 ||     6
 Stab: Sleeping          |       |     1 ||     1
Armor: Robe              |    46 |    72 ||   118
       Skin              |     3 |       ||     3
Dodge: Dodged            |    53 |    91 ||   144
Block: Kite shield       |    57 |    99 ||   156

Table legend: (Time is in decaauts)
 A = Elapsed time spent in this place.
 B = Non-inter-level travel time spent in this place.
 C = Inter-level travel time spent in this place.
 D = Time resting spent in this place.
 E = Time spent auto-exploring this place.
 F = Levels seen in this place.
 G = Mean time per level.
                   A        B        C        D        E       F      G
               +--------+--------+--------+--------+--------+-----+--------+
         Total |   2051 |   2035 |     16 |     39 |      0 |   4 |  512.8 |
       Dungeon |   2051 |   2035 |     16 |     39 |      0 |   4 |  512.8 |
               +--------+--------+--------+--------+--------+-----+--------+

Top non-repeatable levels by time:
     D:2: 832 daAuts
     D:3: 725 daAuts
     D:1: 455 daAuts
     D:4: 37 daAuts
